 Dungeon Crawl Stone Soup version 0.26-a0-1012-gedcf9b2963 (webtiles) character file.

Game seed: 11361739179429972419

989 egbert the Cleaver (level 8, -12/69 HPs)
             Began as a Hill Orc Fighter on Dec 7, 2020.
             Was a Follower of Okawaru.
             Mangled by an ogre
             ... wielding a +0 giant club
              (24 damage)
             ... on level 6 of the Dungeon.
             The game lasted 00:18:10 (2981 turns).

egbert the Cleaver (Hill Orc Fighter)               Turns: 2981, Time: 00:18:11

Health: -12/69     AC:  7    Str: 21    XL:     8   Next: 18%
Magic:  8/8        EV:  8    Int:  8    God:    Okawaru [*.....]
Gold:   180        SH: 10    Dex: 10    Spells: 7/7 levels left

rFire    . . .     SeeInvis .   a - +0 war axe
rCold    . . .     Faith    .   c - +0 kite shield
rNeg     . . .     Spirit   .   b - +0 scale mail
rPois    .         Reflect  .   (no helmet)
rElec    .         Harm     .   (no cloak)
rCorr    .         Rampage  .   (no gloves)
Will     .....                  (no boots)
Stlth    ..........             (no amulet)
HPRegen  0.21/turn              (no ring)
MPRegen  0.11/turn              (no ring)

@: no status effects
A: no striking features
a: Heroism, Renounce Religion


You were on level 6 of the Dungeon.
You worshipped Okawaru.
Okawaru was aware of your devotion.
You visited 2 branches of the dungeon, and saw 7 of its levels.

You collected 180 gold pieces.

Inventory:

Hand Weapons
 a - a +0 war axe (weapon)
Armour
 b - a +0 scale mail (worn)
 c - a +0 kite shield (worn)
Jewellery
 t - a +6 ring of dexterity {unknown}
 w - an uncursed amulet of regeneration {unknown}
Wands
 o - a wand of polymorph (14)
Scrolls
 e - a scroll of amnesia
 f - a scroll of magic mapping {unknown}
 m - 2 scrolls of remove curse {unknown}
 n - 2 scrolls of noise {unknown}
 p - 4 scrolls of identify {unknown}
 r - a scroll of enchant armour {unknown}
 s - a scroll of enchant weapon {unknown}
 v - 2 scrolls of immolation {unknown}
 y - a scroll of teleportation {unknown}
Potions
 d - a potion of might
 g - a potion of brilliance {unknown}
 h - a potion of mutation {unknown}
 i - 2 potions of heal wounds {unknown}
 j - 4 potions of curing {unknown}
 k - a potion of magic {unknown}
 l - 3 potions of lignification {unknown}
 q - a potion of haste {unknown}
 u - a potion of cancellation {unknown}
 x - a potion of ambrosia {unknown}


   Skills:
 + Level 5.4 Fighting
 + Level 8.0 Axes
 + Level 5.6 Armour
 + Level 1.3 Dodging
 + Level 0.3 Stealth
 + Level 5.4 Shields


You had 7 spell levels left.
You didn't know any spells.
Your spell library was empty.

Dungeon Overview and Level Annotations

Branches:
Dungeon (6/15)             Temple (1/1) D:5

Altars:
Elyvilon
Okawaru
Vehumet


Message History

Found a stone staircase leading down.
The ogre hits you with a +0 giant club! You block the ogre's attack.
You hit the ogre.
The ogre is lightly wounded.
The ogre hits you with a +0 giant club!!
You hit the ogre.
The ogre is lightly wounded.
The ogre hits you with a +0 giant club!
You hit the ogre but do no damage.
The ogre is lightly wounded.
You block the ogre's attack.
You hit the ogre.
The ogre is moderately wounded.
The ogre hits you with a +0 giant club!
* * * LOW HITPOINT WARNING * * *
A water moccasin skeleton comes into view.
There is a stone staircase leading up here.
The ogre hits you with a +0 giant club!!
You die...

#... #... ... ##
##.. .. .Z# ###.
#.#
.....######.####
#.........ZO.#
#.........##@#
#.........'..#
#>........##.#
#########.####
#... ####.# #


You could see an ogre and a water moccasin skeleton.

Vanquished Creatures
  Eustachio (D:5)
  An ogre (D:4)
  A phantom (D:5)
  A bullfrog (D:6)
  A scorpion (D:3)
  6 hounds
  An orc priest (D:3)
  A bullfrog skeleton (D:5)
  An iguana (D:4)
  An orc wizard (D:3)
  2 worker ants (D:4)
  7 adders
  A howler monkey skeleton (D:4)
  3 shadow imps
  2 ufetubi
  An ooze (D:5)
  An adder zombie (D:5)
  2 adder skeletons
  5 worms
  8 leopard geckos
  14 orcs
  4 bats
  4 giant cockroaches
  9 goblins
  8 hobgoblins
  2 jackals (D:3)
  4 kobolds
  2 quokkas
  2 ball pythons (D:4)
  8 frilled lizards
  8 rats
112 creatures vanquished.

Notes
Turn   | Place    | Note
-------+----------+-------------------------------------------
     0 | D:1      | egbert the Hill Orc Fighter began the quest for the Orb.
     0 | D:1      | Reached XP level 1. HP: 19/19 MP: 1/1
    75 | D:1      | Reached skill level 3 in Axes
   122 | D:1      | Reached XP level 2. HP: 21/27 MP: 2/2
   327 | D:2      | Reached XP level 3. HP: 32/33 MP: 3/3
   614 | D:2      | Reached skill level 4 in Axes
   614 | D:2      | Reached XP level 4. HP: 40/40 MP: 4/4
   666 | D:2      | Found a faded altar of an unknown god.
   771 | D:3      | Reached XP level 5. HP: 45/46 MP: 5/5
  1078 | D:3      | Reached XP level 6. HP: 43/52 MP: 6/6
  1201 | D:3      | Reached skill level 5 in Axes
  1222 | D:3      | Found an iron altar of Okawaru.
  1234 | D:3      | Became a worshipper of Warmaster Okawaru
  1718 | D:4      | Reached skill level 1 in Dodging
  1862 | D:4      | Reached skill level 5 in Shields
  1886 | D:4      | Reached XP level 7. HP: 30/60 MP: 7/7
  1979 | D:4      | Reached skill level 6 in Axes
  2283 | D:5      | Entered Level 5 of the Dungeon
  2289 | D:5      | Reached skill level 5 in Armour
  2298 | D:5      | Reached skill level 5 in Fighting
  2359 | D:5      | Noticed Eustachio
  2394 | D:5      | Killed Eustachio
  2394 | D:5      | Reached * piety under Okawaru
  2487 | D:5      | Reached skill level 7 in Axes
  2586 | D:5      | Found a staircase to the Ecumenical Temple.
  2591 | Temple   | Entered the Ecumenical Temple
  2652 | D:5      | Reached XP level 8. HP: 58/69 MP: 8/8
  2966 | D:6      | Reached skill level 8 in Axes
  2981 | D:6      | Mangled by an ogre

Illustrated notes

Levels and vault maps discovered:
D:1:      heliophobic_arrival_enchanted_forest, layout_rooms,
          serial_bayou_lake_a
D:2:      layout_loops_ring, chequers_ecumenical_altar_island,
          minmay_quadrilaterals
D:3:      layout_basic, old_standard_altar
D:4:      layout_gridville
D:5:      layout_basic, temple_doors_ab, serial_co_window_serial,
          co_window_corner_a, co_window_paths_a, co_window_of_opportunity_a,
          co_window_corner_a, co_window_paths_a, co_window_corner_b,
          co_window_broadway_a, co_window_broadway_b, co_window_cross_2,
          co_window_corner_cb, co_window_unsneaky_path_b, glass_columns_a,
          glass_columns_a, glass_columns_b, uniq_eustachio
D:6:      layout_basic
Temple:   regret_index_temple_chain_breaker

Skill      XL: |  1  2  3  4  5  6  7  8 |
---------------+-------------------------+-----
Axes           | 3 4 5 7 8 |  8.0
Fighting       | 4 5 |  5.4
Armour         | 4 5 |  5.6
Shields        | 4 5 |  5.4
Dodging        | 1 |  1.3
Stealth        | |  0.3

Action                   |  1- 3 |  4- 6 |  7- 9 || total
-------------------------+-------+-------+-------++-------
Melee: War axe           |   107 |   150 |   148 ||   405
  Use: Scroll            |       |     1 |       ||     1
Armor: Scale mail        |    51 |    55 |    57 ||   163
Dodge: Dodged            |    43 |    56 |    35 ||   134
Block: Kite shield       |    53 |    87 |    62 ||   202

Table legend: (Time is in decaauts)
 A = Elapsed time spent in this place.
 B = Non-inter-level travel time spent in this place.
 C = Inter-level travel time spent in this place.
 D = Time resting spent in this place.
 E = Time spent auto-exploring this place.
 F = Levels seen in this place.
 G = Mean time per level.
                   A        B        C        D        E       F      G
               +--------+--------+--------+--------+--------+-----+--------+
         Total |   3113 |   1317 |   1796 |      0 |      0 |   7 |  444.7 |
       Dungeon |   3109 |   1313 |   1796 |      0 |      0 |   6 |  518.2 |
        Temple |      3 |      3 |      0 |      0 |      0 |   1 |    3.0 |
               +--------+--------+--------+--------+--------+-----+--------+

Top non-repeatable levels by time:
     D:3: 794 daAuts
     D:4: 788 daAuts
     D:5: 697 daAuts
     D:2: 481 daAuts
     D:1: 323 daAuts
     D:6: 23 daAuts
  Temple: 3 daAuts
